 Dungeon Crawl Stone Soup version 0.23-a0-558-g30802b1 (webtiles) character file.

1460 iamserjio the Chopper (level 8, 0/76 HPs)
             Began as a Naga Wanderer on Dec 11, 2018.
             Was an Initiate of Gozag.
             Slain by an ogre
             ... wielding a cursed -1 giant club
              (27 damage)
             ... on level 6 of the Dungeon.
             The game lasted 00:14:27 (7070 turns).

iamserjio the Chopper (Naga Wanderer)               Turns: 7070, Time: 00:14:28

Health: 0/76       AC:  8    Str: 19    XL:     8   Next: 76%
Magic:  8/8        EV:  5    Int:  9    God:    Gozag
Gold:   327        SH:  0    Dex: 12    Spells: 7/7 levels left

rFire    . . .     SeeInvis +   w - +0 broad axe
rCold    . . .     Gourm    .   (no shield)
rNeg     . . .     Faith    .   d - +0 chain mail
rPois    +         Spirit   .   (no helmet)
rElec    .         Reflect  .   (no cloak)
rCorr    .         Harm     .   (no gloves)
MR       ++...                  (no barding)
Stlth    ..........             (no amulet)
HPRegen  0.22/turn              g - ring of protection from magic
MPRegen  0.11/turn              (no ring)

@: short of breath, gold aura, very slow
A: large, see invisible, deformed body, poison resistance, slowness 2, slow
metabolism 1, spit poison 1, AC +2
a: Spit Poison, Potion Petition, Call Merchant, Bribe Branch, Renounce Religion


You were on level 6 of the Dungeon.
You worshipped Gozag.
Gozag was aware of your devotion.
You were hungry.

You visited 1 branch of the dungeon, and saw 6 of its levels.
You also visited: Sewer.

You collected 711 gold pieces.
You spent 334 gold pieces at shops.
You paid 50 gold pieces to Gozag.

Inventory:

Hand Weapons
 a - a +2 hand crossbow
 w - a +0 broad axe (weapon)
 C - a +0 trident
 E - a +1 dagger of venom
Missiles
 b - 41 bolts
 m - 45 arrows
 p - 3 throwing nets {!f}
 q - 7 curare-tipped needles {!f}
 t - 31 poisoned needles
 v - 6 steel tomahawks (quivered)
Armour
 d - a +0 chain mail (worn)
Magical Staves
 j - an uncursed staff of energy {unknown}
Jewellery
 g - a ring of protection from magic (left hand)
Scrolls
 f - 4 scrolls of enchant armour
 i - 2 scrolls of magic mapping
 l - 3 scrolls of teleportation
 n - a scroll of noise {unknown}
 s - a scroll of blinking {unknown}
 u - a scroll of brand weapon {unknown}
 x - a scroll of fear
 y - a scroll of remove curse {@r2}
 D - 2 scrolls of random uselessness
Potions
 c - 2 potions of flight
 e - 8 potions of curing {@q1}
 k - a potion of lignification
 o - a potion of agility {unknown}
 r - 2 potions of berserk rage {unknown}
 z - a potion of degeneration
 A - a potion of haste {unknown}
 F - a potion of ambrosia {unknown}
Comestibles
 h - 7 rations


   Skills:
 + Level 6.2 Fighting
 * Level 6.7(6.8) Axes
   Level 2.0(4.6) Maces & Flails
 - Level 2.6 Crossbows
 + Level 4.3 Armour
 - Level 3.0 Stealth
   Level 1.0 Shields


You had 7 spell levels left.
You didn't know any spells.
Your spell library was empty.

Dungeon Overview and Level Annotations

Branches:
Dungeon (6/15)             Temple (0/1) D:5

Altars:
Fedhas
Gozag
Ru
Sif Muna
Uskayaw

Shops:
D:6 *


Innate Abilities, Weirdness & Mutations

You cannot wear boots.
Your serpentine skin is tough. (AC +2)
You have supernaturally acute eyesight. (SInv)
Armour fits poorly on your strangely shaped body.
Your system is resistant to poisons. (rPois)
You cover ground very slowly.
You have a slow metabolism.
You can spit poison.


Message History

The bullfrog barely misses you.
You hit the bullfrog. The bullfrog hits you.
The bullfrog hits you but does no damage.
You slash the bullfrog! The bullfrog barely misses you.
The bullfrog hits you but does no damage.
You hit the bullfrog.
You kill the bullfrog!
The ogre hits you with a cursed -1 giant club.
Aim: an ogre, wielding a -1 giant club The splash of poison hits the ogre.
The ogre is poisoned.
You feel slightly more hungry.
The adder becomes distracted by the nearby gold, dreaming of imaginary riches.
Your chain mail prevents you from hitting the ogre.
The adder hisses angrily.
The ogre barely misses you.
You hit the ogre.
The adder is no longer distracted by gold.
The ogre hits you with a cursed -1 giant club!!
You die...
Your body crumbles into a pile of gold.

........=..#
..........#
......... ....(..
..... .S. ######O###
#. #.....@..# ..
#........# ... #.
#........#
....#.##........#
###....#..#........#
.............###+###
..(..........# #.#
.............# #.#
.............# #.#


You could see an ogre and an adder.

Vanquished Creatures
  Menkaure (D:6)
  2 ogres
  A centaur (D:5)
  A big kobold (Sewer)
  2 bullfrogs (D:6)
  2 scorpions (D:5)
  2 water moccasin skeletons (D:5)
  A crimson imp (D:6)
  A hound (D:5)
  A centaur skeleton (D:4)
  3 orc priests (D:4)
  Jessica (D:3)
  An iguana (D:6)
  5 orc wizards
  3 worker ants
  A hound skeleton (D:5)
  3 gnolls (D:3)
  8 adders
  2 oozes
  4 worms
  2 dart slugs
  3 leopard geckos
  17 orcs
  6 giant cockroaches
  6 goblins
  11 hobgoblins
  6 jackals
  2 quokkas (D:2)
  5 ball pythons
  6 bats
  13 frilled lizards
  10 kobolds
  A leopard gecko skeleton (D:6)
  17 rats
150 creatures vanquished.

Notes
Turn   | Place    | Note
-------+----------+-------------------------------------------
     0 | D:1      | iamserjio the Naga Wanderer began the quest for the Orb.
     0 | D:1      | iamserjio set off with the following items: a +2 hand
                  | crossbow, 20 bolts, a +0 shortbow, 25 arrows, a potion of
                  | curing {@q1}, a +0 robe, a +0 dagger, a ration
     0 | D:1      | Reached XP level 1. HP: 19/19 MP: 1/1
   203 | D:1      | Reached XP level 2. HP: 26/27 MP: 2/2
   521 | D:1      | Reached skill level 1 in Maces & Flails
   648 | D:2      | Reached XP level 3. HP: 34/34 MP: 3/3
   802 | D:2      | Reached XP level 4. HP: 27/42 MP: 4/4
  1365 | D:2      | Found a deep blue altar of Sif Muna.
  2203 | D:3      | Reached skill level 1 in Axes
  2205 | D:3      | Reached XP level 5. HP: 50/50 MP: 5/5
  2208 | D:3      | Noticed Jessica
  2209 | D:3      | Killed Jessica
  2522 | D:3      | Found an opulent altar of Gozag.
  2598 | D:3      | Reached XP level 6. HP: 58/58 MP: 6/6
  2665 | D:3      | Became a worshipper of Gozag Ym Sagoz the Greedy
  2907 | D:4      | Found a glowing drain.
  2939 | Sewer    | Entered a sewer
  3086 | Sewer    | Found a white marble altar of Elyvilon.
  3769 | D:4      | Reached XP level 7. HP: 44/66 MP: 7/7
  4016 | D:4      | Reached skill level 5 in Fighting
  4739 | D:5      | Entered Level 5 of the Dungeon
  4755 | D:5      | Found a hide-covered altar of Uskayaw.
  5305 | D:5      | Found a blossoming altar of Fedhas.
  5516 | D:5      | Reached skill level 5 in Axes
  5526 | D:5      | Reached XP level 8. HP: 17/75 MP: 8/8
  5823 | D:5      | Found a staircase to the Ecumenical Temple.
  6326 | D:5      | Found a sacrificial altar of Ru.
  6740 | D:6      | Found Cesygub's Assorted Antiques.
  6754 | D:6      | Noticed Menkaure
  6767 | D:6      | Killed Menkaure
  6978 | D:6      | Bought a scroll labeled AFEKKE QEXZYD for 25 gold pieces
  6978 | D:6      | Bought a scroll of fear for 87 gold pieces
  6978 | D:6      | Bought a scroll of identify for 50 gold pieces
  6978 | D:6      | Bought a scroll labeled YXOLEF KIXOUMU for 25 gold pieces
  6978 | D:6      | Bought a potion of heal wounds for 125 gold pieces
  6978 | D:6      | Bought a sedimented brown potion for 22 gold pieces
  7070 | D:6      | Slain by an ogre

Vault maps used:
D:1:      dpeg_arrival_renting
D:2:      lemuel_blue_sif_altar
D:3:      marbit_many_paths, minmay_lizard_king, uniq_jessica
D:4:      portal_sewer_entry_a
D:5:      kennysheep_mini_moat, fedhas_ov_isle_minmay,
          minmay_temple_entry_junction, basic_altar, first_ration
D:6:      minmay_diamond_boxcup, serial_shops, nicolae_shop_stone, uniq_menkaure
Sewer:    sewer_kobolds

Skill      XL: |  1  2  3  4  5  6  7  8 |
---------------+-------------------------+-----
Maces & Flails | 1 2 |  2.0
Fighting       | 3 4 5 6 |  6.2
Axes           | 1 2 3 5 6 |  6.7
Armour         | 2 3 4 |  4.3
Crossbows      | |  2.6
Stealth        | |  3.0
Shields        | |  1.0

Action                   |  1- 3 |  4- 6 |  7- 9 || total
-------------------------+-------+-------+-------++-------
Melee: Broad axe         |       |    77 |   200 ||   277
 Fire: Hand crossbow     |    64 |    88 |       ||   152
Throw: Tomahawk          |       |     6 |       ||     6
Invok: Potion Petition   |       |       |     1 ||     1
 Abil: Spit Poison       |       |     4 |     7 ||    11
  Use: Scroll            |       |     7 |     5 ||    12
       Potion            |       |     6 |     2 ||     8
 Stab: Distracted        |       |       |     1 ||     1
  Eat: Chunk             |       |     5 |       ||     5
       Ration            |       |     1 |     2 ||     3
Armor: Robe              |     9 |       |       ||     9
       Ring mail         |       |    43 |    22 ||    65
       Skin              |       |     4 |     1 ||     5
       Chain mail        |       |       |    86 ||    86
Dodge: Dodged            |    13 |    57 |    73 ||   143

Table legend:
 A = Non-vault XP
 B = Vault XP
 C = Vault XP percentage of total XP
 D = Non-vault monster count
 E = Vault monster count
 F = Vault count percentage of total count
                 A         B        C        D         E       F
            +---------+---------+-------+---------+---------+-------
      Total |    1743 |     344 |  16.5 |     120 |      30 |  20.0
            +---------+---------+-------+---------+---------+-------
        D:1 |      29 |       0 |   0.0 |      17 |       0 |   0.0
        D:2 |      89 |       0 |   0.0 |      32 |       0 |   0.0
        D:3 |     160 |      50 |  23.8 |      21 |      11 |  34.4
        D:4 |     315 |       8 |   2.5 |      23 |       7 |  23.3
        D:5 |     723 |       0 |   0.0 |      19 |       0 |   0.0
        D:6 |     427 |     172 |  28.7 |       8 |       1 |  11.1
      Sewer |       0 |     114 | 100.0 |       0 |      11 | 100.0
            +---------+---------+-------+---------+---------+-------
